 Dungeon Crawl Stone Soup version 0.22.1-2-g9c5b331383 (webtiles) character file.

1425 trogue the Thaumaturge (level 8, -6/37 HPs)
             Began as a Spriggan Earth Elementalist on Nov 23, 2018.
             Was a Follower of Nemelex Xobeh.
             Killed by nerve-wracking pain
             ... invoked by an orc priest
              (9 damage)
             ... on level 5 of the Dungeon.
             The game lasted 01:14:14 (7006 turns).

trogue the Thaumaturge (SpEE)                       Turns: 7006, Time: 01:14:15

Health: -6/37      AC:  2    Str:  6 (8)  XL:     8   Next: 44%
Magic:  4/21       EV: 19    Int: 19      God:    Nemelex Xobeh [*.....]
Gold:   176        SH:  0    Dex: 14 (16) Spells: 11/23 levels left

rFire    . . .     SeeInvis +   w - +3 dagger (vamp)
rCold    . . .     Gourm    .   (shield restricted)
rNeg     . . .     Faith    +   c - +0 robe
rPois    .         Spirit   .   (helmet restricted)
rElec    .         Reflect  .   (no cloak)
rCorr    .         Harm     .   (gloves unavailable)
MR       +....                  (boots unavailable)
Stlth    +++.......             r - amulet of faith
HPRegen  0.12/turn              (no ring)
MPRegen  0.17/turn              (no ring)

@: lethally poisoned (-6 -> -8), very quick
A: very small, unfitting armour, see invisible, clever 1, herbivore, speed 3,
slow metabolism 2, strong 1
a: Renounce Religion


You were on level 5 of the Dungeon.
You worshipped Nemelex Xobeh.
Nemelex Xobeh was aware of your devotion.
You were not hungry.

You visited 2 branches of the dungeon, and saw 7 of its levels.

You collected 176 gold pieces.

Inventory:

Hand Weapons
 a - a +0 short sword
 e - a +1 whip of freezing
 j - a +0 hunting sling
 k - a +0 short sword
 m - a cursed +0 dagger
 t - a +0 short sword
 w - a +3 vampiric dagger (weapon)
 x - a +0 falchion of slicing
 z - a +0 mace
 A - a +0 dagger
 D - a +0 dagger
 E - a +0 short sword
 F - a +0 dagger
 H - a +0 hunting sling
 J - a +0 short sword
 L - a +0 shortbow
 Q - a +0 shortbow
Missiles
 b - 70 stones (quivered)
 i - 134 arrows
 o - 11 poisoned needles
 u - 55 sling bullets
Armour
 c - a +0 robe (worn)
 h - a +0 robe
 p - a +0 robe
 v - a +0 robe
 y - a +0 robe
 B - a +0 robe
 G - a +0 robe
 I - a +0 robe
Jewellery
 r - an amulet of faith (around neck)
 s - a cursed +3 ring of protection
 C - an uncursed amulet of rage
Wands
 n - a wand of random effects (18)
Scrolls
 f - 2 scrolls of identify
 M - a scroll of random uselessness
 P - 2 scrolls of remove curse
Potions
 d - a potion of curing
 g - a potion of brilliance
 l - 2 potions of mutation
 q - a potion of heal wounds
 N - a potion of flight
 O - a potion of lignification
 T - 2 potions of invisibility {unknown}
Miscellaneous
 K - a plain deck of destruction {drawn: 1}
 R - a plain deck of escape


   Skills:
 + Level 0.6 Fighting
 + Level 3.5 Short Blades
 + Level 4.8 Dodging
 + Level 6.6 Stealth
 + Level 8.0 Spellcasting
 + Level 1.6 Transmutations
 + Level 5.9 Earth Magic
 + Level 0.3 Evocations


You had 11 spell levels left.
You knew the following spells:

 Your Spells              Type           Power        Failure   Level  Hunger
a - Sandblast             Erth           ####..       1%          1    None
b - Passwall              Tmut/Erth      ###.....     3%          2    None
c - Lee's Rapid Deconstr  Erth           ####......   22%         5    #####..
d - Petrify               Tmut/Erth      ###.....     19%         4    ###....

Your spell library contained the following spells:

 Spells                   Type           Power        Failure   Level  Hunger
 Corona                   Hex            #......      9%          1    None
 Stone Arrow              Conj/Erth      ###...       9%          3    None
 Ensorcelled Hibernation  Hex/Ice        #.....       14%         2    None
 Confuse                  Hex            #.......     26%         3    None
 Dazzling Spray           Conj/Hex       #.....       26%         3    None
 Tukima's Dance           Hex            #.......     26%         3    None


Dungeon Overview and Level Annotations

Branches:
Dungeon (6/15)             Temple (1/1) D:4

Altars:
Cheibriados
Dithmenos
Elyvilon
Fedhas
Hepliaklqana
Kikubaaqudgha
Makhleb
Nemelex Xobeh
Ru
Sif Muna
Trog
Uskayaw
Vehumet
Wu Jian
Xom


Innate Abilities, Weirdness & Mutations

You are very small and have problems with some larger weapons.
You are too small for most types of armour.
You have supernaturally acute eyesight. (SInv)
You are a herbivore.
You cover ground extremely quickly.
You need to consume almost no food.
Your mind is acute. (Int +2)
Your muscles are strong. (Str +2)


Message History

Pain shoots through your body!
* * * LOW HITPOINT WARNING * * *
Casting: Petrify (slightly dangerous; 19% risk of failure)
Confirm with . or Enter, or press ? or * to list all spells.
Aiming: Petrify (slightly dangerous; 19% risk of failure)
Press: ? - help, Shift-Dir - straight line, f/p - orc wizard
Aim: an orc wizard, wielding a dagger and wearing a robe (chance to defeat MR: The orc wizard is moving more slowly.
The adder bites you.
* * * LOW HITPOINT WARNING * * *
* * * LOW HITPOINT WARNING * * *
You feel sick. The adder completely misses you.
There is a stone staircase leading down here.
The adder closely misses you.
* * * LOW HITPOINT WARNING * * *
You feel sick.
The orc priest invokes the aid of Beogh against you.
Pain shoots through your body!
You die...
Your body disappears without a glow.

##.#...##
#......#
#.#...##
##.....#
#.....###
#.......###
##.........##
#...........#
#.>o.@......#
##.oS.......##
#..........##
#.........##
##....#..###
###.....####
#......##
##......# #
####
##......## #


You could see an orc priest, an orc wizard (petrifying) and an adder.

Vanquished Creatures
  Pikel (D:4)
  Menkaure (D:4)
  An ogre (D:4)
  2 centaurs (D:5)
  Blork the orc (D:4)
  A scorpion (D:4)
  A crimson imp (D:5)
  2 orc priests
  2 bullfrog skeletons (D:4)
  A hound (D:4)
  A worker ant (D:5)
  5 orc wizards
  Terence (D:3)
  3 adders
  3 gnolls (D:2)
  3 worms
  3 dart slugs
  2 leopard geckos
  16 orcs
  A ball python (D:1)
  5 bats
  4 giant cockroaches
  2 goblins
  4 hobgoblins
  3 jackals (D:2)
  3 quokkas
  3 frilled lizards
  3 kobolds (D:1)
  A quokka skeleton (D:5)
  7 rats
86 creatures vanquished.

Vanquished Creatures (others)
  A plant (D:4)
1 creature vanquished.

Grand Total: 87 creatures vanquished

Notes
Turn   | Place    | Note
-------+----------+-------------------------------------------
     0 | D:1      | trogue the Spriggan Earth Elementalist began the quest for
                  | the Orb.
     0 | D:1      | Reached XP level 1. HP: 9/9 MP: 5/5
   302 | D:1      | Reached XP level 2. HP: 13/13 MP: 6/6
   571 | D:1      | Reached skill level 3 in Spellcasting
   968 | D:2      | Reached XP level 3. HP: 16/16 MP: 6/8
  1436 | D:2      | Found a sacrificial altar of Ru.
  1447 | D:2      | Learned a level 2 spell: Passwall
  1551 | D:2      | Reached XP level 4. HP: 21/21 MP: 8/10
  1803 | D:2      | Found a bloodstained altar of Trog.
  2031 | D:3      | Noticed Terence
  2143 | D:3      | Reached skill level 4 in Spellcasting
  2197 | D:3      | Gained mutation: Your mind is acute. (Int +2) [potion of
                  | mutation]
  2197 | D:3      | Gained mutation: Your muscles are strong. (Str +2) [potion
                  | of mutation]
  2341 | D:3      | Reached skill level 1 in Short Blades
  2341 | D:3      | Reached XP level 5. HP: 8/24 MP: 7/12
  3425 | D:3      | Killed Terence
  3613 | D:4      | Found a blossoming altar of Fedhas.
  3613 | D:4      | Noticed Pikel
  3613 | D:4      | Noticed a slave
  3613 | D:4      | Noticed a slave
  3613 | D:4      | Noticed a slave
  3613 | D:4      | Noticed a slave
  3650 | D:4      | Killed Pikel
  3650 | D:4      | Reached skill level 6 in Spellcasting
  3650 | D:4      | Reached skill level 5 in Earth Magic
  3650 | D:4      | Reached XP level 6. HP: 29/29 MP: 11/16
  3650 | D:4      | Reached XP level 7. HP: 32/32 MP: 11/17
  3703 | D:4      | Noticed Menkaure
  3754 | D:4      | Killed Menkaure
  3754 | D:4      | Reached skill level 5 in Stealth
  3987 | D:4      | Noticed Blork the orc
  3997 | D:4      | Killed Blork the orc
  3997 | D:4      | Reached skill level 7 in Spellcasting
  4144 | D:4      | Reached XP level 8. HP: 25/37 MP: 19/19
  4656 | D:4      | Found a staircase to the Ecumenical Temple.
  5066 | Temple   | Entered the Ecumenical Temple
  5320 | Temple   | Became a worshipper of Nemelex Xobeh the Trickster
  5399 | D:5      | Entered Level 5 of the Dungeon
  5399 | D:5      | Received a gift from Nemelex Xobeh
  6118 | D:5      | Found a hide-covered altar of Uskayaw.
  6298 | D:5      | Reached skill level 8 in Spellcasting
  6454 | D:5      | Reached * piety under Nemelex Xobeh
  6465 | D:5      | Received a gift from Nemelex Xobeh
  6528 | D:5      | Learned a level 5 spell: Lee's Rapid Deconstruction
  6533 | D:5      | Learned a level 4 spell: Petrify
  7006 | D:5      | Killed from afar by an orc priest

Skill      XL: |  1  2  3  4  5  6  7  8 |
---------------+-------------------------+-----
Earth Magic    | 3 5 |  5.9
Spellcasting   | 3 4 6 7 8 |  8.0
Short Blades   | 1 3 |  3.5
Stealth        | 4 5 6 |  6.6
Dodging        | 4 |  4.8
Fighting       | |  0.6
Transmutations | |  1.6
Evocations     | |  0.3

Action                   |  1- 3 |  4- 6 |  7- 9 || total
-------------------------+-------+-------+-------++-------
Melee: Short sword       |    63 |    42 |    19 ||   124
       Dagger            |       |       |     5 ||     5
 Fire: Hunting sling     |     5 |       |       ||     5
 Cast: Sandblast         |    24 |    46 |    32 ||   102
       Passwall          |     2 |       |       ||     2
       Petrify           |       |       |     7 ||     7
       Lee's Rapid Decon |       |       |     3 ||     3
Evoke: Wand              |       |       |     3 ||     3
       Deck              |       |       |     1 ||     1
  Use: Potion            |       |     6 |     1 ||     7
       Scroll            |       |     4 |    12 ||    16
 Stab: Sleeping          |     4 |     4 |     4 ||    12
  Eat: Ration            |       |     4 |     3 ||     7
Armor: Robe              |     3 |     6 |     2 ||    11
Dodge: Dodged            |    71 |    30 |    27 ||   128
